 Dungeon Crawl Stone Soup version 0.29-a0-994-gc5c9f59d18 (webtiles) character file.

Game seed: 2746376864248967718

320 jlumianski the Chopper (level 6, -4/47 HPs)
             Began as a Demonspawn Gladiator on Aug 4, 2022.
             Splashed by a jelly's acid (11 damage)
             ... on level 6 of the Dungeon.
             The game lasted 00:10:42 (3320 turns).

jlumianski the Chopper (Demonspawn Gladiator)       Turns: 3320, Time: 00:10:42

Health: -4/47      AC:  2    Str: 16    XL:     6   Next: 22%
Magic:  15/15      EV: 12    Int:  9    God:
Gold:   145        SH:  6    Dex: 15    Spells: 5/5 levels left

rFire   + . .      SeeInvis .   a - +0 war axe
rCold   + . .      Faith    .   d - +3 warlock's mirror {reflect}
rNeg    + + .      Spirit   .   b - +0 leather armour
rPois   .          Reflect  +   c - +0 helmet
rElec   .          Harm     .   (no cloak)
rCorr   .          Rampage  .   (no gloves)
Will    .....                   (no boots)
Stlth   +++.......              (no amulet)
HPRegen 0.15/turn               f - ring of the Charming Gods {rF+ rC+ rN++ Stlth+}
MPRegen 0.14/turn               g - ring of magical power

@: corroded
A: slimy green scales 1, foul stench 1, powered by pain 1
a: no special abilities


You were on level 6 of the Dungeon.
You visited 1 branch of the dungeon, and saw 5 of its levels.

You collected 145 gold pieces.

Inventory:

Hand Weapons
 a - a +0 war axe (weapon)
 i - a +1 dagger of venom
 o - a +3 whip of flaming
Missiles
 e - a javelin
 h - 34 stones
 n - 2 boomerangs
 q - 4 poisoned darts (quivered)
 t - a throwing net
Armour
 b - a +0 leather armour (worn)
 c - a +0 helmet (worn)
 d - the +3 warlock's mirror (worn) {reflect}
   (You acquired it on level 6 of the Dungeon)

   It can block and reflect piercing ranged attacks and magical attacks against
   the wielder's willpower.
 u - a +0 pair of gloves
Jewellery
 f - the ring of the Charming Gods (left hand) {rF+ rC+ rN++ Stlth+}
   (You acquired it on level 6 of the Dungeon)

   [ring of protection from fire]

   rF:        It protects you from fire.
   rC:        It protects you from cold.
   rN:        It greatly protects you from negative energy.
   Stlth:     It makes you more stealthy.
 g - a ring of magical power (right hand)
Scrolls
 j - a scroll of noise {unknown}
 p - a scroll of enchant armour {unknown}
 s - 2 scrolls of identify {unknown}
 v - a scroll of poison {unknown}
Potions
 k - a potion of heal wounds {unknown}
 l - a potion of invisibility {unknown}
 m - a potion of curing
 r - a potion of mutation {unknown}


   Skills:
 + Level 3.1 Fighting
 + Level 4.6 Axes
 + Level 2.1 Throwing
 + Level 2.2 Armour
 + Level 3.2 Dodging
 + Level 1.2 Stealth


You had 5 spell levels left.
You didn't know any spells.
Your spell library contained the following spells:

 Spells                   Type           Power      Damage    Failure   Level
 Freezing Cloud           Conj/Ice/Air   0%         6-21      100%        5
 Simulacrum               Ice/Necr       0%         N/A       100%        6
 Polar Vortex             Ice            0%         N/A       100%        9


Dungeon Overview and Level Annotations

Branches:
Dungeon (7/15)
 Temple: D:4-7

Altars:
Ru


Innate Abilities, Weirdness & Mutations

You are partially covered in slimy green scales. (AC +2)
You may rarely emit foul miasma when damaged in melee.
You sometimes gain a little power by taking damage.


Message History

The black bear claws you. x2
You slash the black bear!
You kill the black bear!
Your Fighting skill increases to level 3!
You have reached level 6!
Your demonic ancestry asserts itself...
You begin to emit a foul stench of rot and decay.
You see here a black bear corpse.
q - 2 poisoned darts (gained 1)
q - 3 poisoned darts (gained 1)
q - 4 poisoned darts (gained 1);
e - a javelin You now have 119 gold pieces (gained 5).
Found a stone staircase leading down.
v - a scroll labelled IXICIL USUNU
There is a stone staircase leading down here.
You climb downwards.
Found 26 gold pieces and a sling.
Found a stone staircase leading up and a stone staircase leading down.
There is a stone staircase leading up here.
You now have 135 gold pieces (gained 16).
You now have 145 gold pieces (gained 10).
There is a stone staircase leading up here.
You climb upwards.
Found a club and a cloak.
Found an escape hatch in the ceiling.
Found a stone staircase leading up.
There is a stone staircase leading down here.
The jelly quivers.
The jelly hits you but does no damage.
There is a stone staircase leading up here.
You hit the jelly.
Your hands burn!
The jelly is lightly wounded.
The jelly hits you. The acid corrodes you!
You are splashed with acid!
* * * LOW HITPOINT WARNING * * *
The scorpion stings you but does no damage.
You closely miss the scorpion. You hit the jelly.
Your hands burn!
* * * LOW HITPOINT WARNING * * *
The jelly hits you.
* * * LOW HITPOINT WARNING * * *
You are splashed with acid!
You die...

.
##########....#
# ###### #
############
#.<........#
#..........#
#..@s......# .#
##.J.......#
#.#)#.........#
#.#..........#
##.....>.....#
##....#######
##.... #...#.
#..##.


You could see a scorpion and a jelly.

Vanquished Creatures
  A water moccasin (D:6)
  A black bear (D:6)
  4 gnolls
  An adder (D:2)
  2 worms (D:2)
  A dart slug (D:1)
  An orc (D:3)
  3 bats
  3 endoplasms
  4 giant cockroaches
  5 goblins (D:1)
  6 hobgoblins
  9 jackals
  3 kobolds
  3 quokkas (D:1)
  5 ball pythons
  A frilled lizard (D:1)
  5 rats (D:2)
58 creatures vanquished.

Notes
Turn   | Place    | Note
-------+----------+-------------------------------------------
     0 | D:1      | jlumianski the Demonspawn Gladiator began the quest for the
                  | Orb.
     0 | D:1      | Reached XP level 1. HP: 16/16 MP: 1/1
    58 | D:1      | Found a faded altar of an unknown god.
   152 | D:1      | Gained mutation: You are partially covered in slimy green
                  | scales. (AC +2) [demonic ancestry]
   152 | D:1      | Reached XP level 2. HP: 18/22 MP: 2/2
   283 | D:1      | Reached skill level 3 in Axes
   585 | D:1      | Gained mutation: You sometimes gain a little power by
                  | taking damage. [demonic ancestry]
   585 | D:1      | Reached XP level 3. HP: 19/28 MP: 3/3
   882 | D:1      | Reached skill level 1 in Armour
  1641 | D:1      | Reached XP level 4. HP: 28/34 MP: 4/4
  3070 | D:3      | You fall into a shaft and drop 3 floors!
  3071 | D:6      | Found a sacrificial altar of Ru.
  3074 | D:6      | Noticed a water moccasin
  3087 | D:6      | Identified 2 scrolls of acquirement
  3087 | D:6      | Acquired the +3 warlock's mirror {reflect}
  3087 | D:6      | Found the +3 warlock's mirror {reflect}
  3102 | D:6      | Killed a water moccasin
  3103 | D:6      | Reached skill level 4 in Axes
  3103 | D:6      | Reached skill level 1 in Stealth
  3103 | D:6      | Reached XP level 5. HP: 29/40 MP: 5/5
  3109 | D:6      | Acquired the ring of the Charming Gods {rF+ rC+ rN++
                  | Stlth+}
  3196 | D:6      | Noticed a black bear
  3275 | D:6      | Killed a black bear
  3276 | D:6      | Gained mutation: You may rarely emit foul miasma when
                  | damaged in melee. [demonic ancestry]
  3276 | D:6      | Reached XP level 6. HP: 21/47 MP: 6/6
  3320 | D:6      | Splashed by a jelly's acid

Illustrated notes

Levels and vault maps discovered:
D:1:      scummos_arrival_simple_fountains, layout_loops_cross,
          ebering_ecumenical_altar_mist
D:2:      layout_basic
D:3:      layout_loops_cross, serial_co_window_serial, co_window_cross_1,
          co_window_corner_a, co_window_paths_b, co_window_cross_1,
          co_window_of_opportunity_a, co_window_corner_b,
          co_window_unsneaky_path_a, co_window_corner_cb, co_window_corner_ca,
          co_window_4corner_a, co_window_4corner_b, glass_columns_b,
          glass_columns_a, glass_columns_c, glass_columns_c, serial_shops, shop,
          minivault_19, st_stairs_13
D:6:      minmay_inner_zag, layout_rooms, nicolae_ru_awakened_eye
D:7:      layout_rooms, nicolae_overflow_hallway_of_the_gods

Skill      XL: |  1  2  3  4  5 |
---------------+----------------+-----
Throwing       | 2 |  2.1
Axes           | 3 4 |  4.6
Dodging        | 3 |  3.2
Armour         | 1 2 |  2.2
Stealth        | 1 |  1.2
Fighting       | 3 |  3.1

Action                   |  1- 3 |  4- 6 || total
-------------------------+-------+-------++-------
Melee: War axe           |   132 |    86 ||   218
Throw: Throwing net      |     1 |     4 ||     5
       Boomerang         |       |     1 ||     1
       Dart              |       |     3 ||     3
       Javelin           |       |     1 ||     1
  Use: Potion            |     1 |       ||     1
       Scroll            |       |     2 ||     2
 Stab: Sleeping          |     1 |     2 ||     3
       Held in net/web   |       |     2 ||     2
Armor: Leather armour    |    52 |    35 ||    87
Dodge: Dodged            |   101 |    55 ||   156
Block: Buckler           |       |     3 ||     3

Table legend: (Time is in decaauts)
 A = Elapsed time spent in this place.
 B = Non-inter-level travel time spent in this place.
 C = Inter-level travel time spent in this place.
 D = Time resting spent in this place.
 E = Time spent auto-exploring this place.
 F = Levels seen in this place.
 G = Mean time per level.
                   A        B        C        D        E       F      G
               +--------+--------+--------+--------+--------+-----+--------+
         Total |   3397 |   3314 |     83 |    342 |   1965 |   5 |  679.4 |
       Dungeon |   3397 |   3314 |     83 |    342 |   1965 |   5 |  679.4 |
               +--------+--------+--------+--------+--------+-----+--------+

Top non-repeatable levels by time:
     D:1: 1675 daAuts
     D:2: 1396 daAuts
     D:6: 246 daAuts
     D:3: 69 daAuts
     D:7: 8 daAuts
